 Dungeon Crawl Stone Soup version 0.29.1-12-g30fa7ad0bf (webtiles) character file.

Game seed: 15914795685392892597

53 zlionsfan the Vexing (level 3, -3/24 HPs)
             Began as a Demonspawn Enchanter on Jan 14, 2023.
             Slain by Natasha (8 damage)
             ... on level 3 of the Dungeon.
             The game lasted 00:06:22 (1997 turns).

zlionsfan the Vexing (Demonspawn Enchanter)         Turns: 1997, Time: 00:06:22

Health: -3/24      AC:  3    Str:  5 (8)  XL:     3   Next: 62%
Magic:  6/6        EV: 12    Int: 14 (16) God:
Gold:   98         SH:  0    Dex: 11 (13) Spells: 6/6 levels left

rFire   . . .      SeeInvis .   a - +1 dagger
rCold   . . .      Faith    .   (no shield)
rNeg    . . .      Spirit   .   b - +1 robe
rPois   .          Reflect  .   (helmet restricted)
rElec   .          Harm     .   (no cloak)
rCorr   .          Rampage  .   (no gloves)
Will    .....                   (no boots)
Stlth   ++........              (no amulet)
HPRegen 0.08/turn               (no ring)
MPRegen 0.20/turn               (no ring)

@: weak-willed, slowed, very slow
A: horns 1, magic regeneration, clumsy 1
a: no special abilities


You were on level 3 of the Dungeon.
You visited 1 branch of the dungeon, and saw 3 of its levels.

You collected 98 gold pieces.

Inventory:

Hand Weapons
 a - a +1 dagger (weapon)
Armour
 b - a +1 robe (worn)
Scrolls
 d - 2 scrolls of immolation
 f - a scroll of enchant armour
 h - a scroll of fog
Potions
 l - a potion of curing {unknown}


   Skills:
 + Level 1.3 Short Blades
 + Level 2.1 Dodging
 + Level 3.3 Stealth
 + Level 2.3 Spellcasting
 + Level 3.5 Hexes


You had 6 spell levels left.
You didn't know any spells.
Your spell library contained the following spells:

 Spells                   Type           Power      Damage    Failure   Level
 Confusing Touch          Hex            11%        N/A       16%         3
 Tukima's Dance           Hex            11%        N/A       16%         3
 Ensorcelled Hibernation  Hex/Ice        12%        N/A       17%         2
 Dazzling Flash           Conj/Hex       12%        N/A       32%         3


Dungeon Overview and Level Annotations

Branches:
Dungeon (3/15)

Altars:

Shops:
D:3 *

Annotations:
D:2 Sigmund, Terence
D:3 Natasha


Innate Abilities, Weirdness & Mutations

You have a pair of small horns on your head.
You regenerate magic rapidly.
You are clumsy. (Dex -2)


Message History

You start resting.
Natasha is nearby!
Natasha hisses angrily.
Natasha casts a spell at you. You resist with significant effort.
Natasha howls an incantation.
Natasha glows brightly for a moment.
It was a potion of mutation.
You feel extremely strange.
You feel clumsy.
A ball python comes into view.
It was a potion of magic.
Magic courses through your body.
Natasha mumbles some strange words.
You feel disoriented.
It was a potion of degeneration.
There was something very wrong with that liquid.
You feel weakened.
You feel dopey.
You feel clumsy.
It was a potion of heal wounds.
You feel much better. Natasha casts a spell at you.
You feel yourself slow down.
You hit Natasha but do no damage. Natasha claws you.
Natasha mumbles some strange words.
Natasha glows brightly for a moment.
Natasha casts a spell at you. The magic dart hits you.
You hit Natasha. Your headbutt misses Natasha.
Natasha is moderately wounded.
Natasha claws you.
You closely miss Natasha.
Natasha is moderately wounded.
Natasha claws you. Natasha claws you!
* * * LOW HITPOINT WARNING * * *
You closely miss Natasha.
Natasha is moderately wounded.
Natasha barely misses you.
As you read the scroll labelled REHETAQAMI, it crumbles to dust.
Magic quickly surges around you.
It was a scroll of vulnerability.
Natasha stares at you and mumbles some strange words.
You feel as though you will be slow longer.
Natasha claws you!
You die...

#......# #......#
#......# #......#
######## #......#
#......# #......#
#......+
###......###....@.#
#...).....#....##h#
....h...<...##h...#
........†.#.........
....###.###.#...##.~≈
##### #.# #.....# ...
... ....#....~≈~
...............≈≈≈
#############......S


You could see Natasha (weak-willed).

Vanquished Creatures
  An adder (D:2)
  2 worms
  9 ball pythons
  2 bats (D:1)
  5 endoplasms
  2 giant cockroaches (D:1)
  A goblin (D:1)
  A hobgoblin (D:1)
  2 jackals (D:3)
  4 kobolds
  A quokka (D:2)
  A frilled lizard (D:1)
  3 rats
34 creatures vanquished.

Notes
Turn   | Place    | Note
-------+----------+-------------------------------------------
     0 | D:1      | zlionsfan the Demonspawn Enchanter began the quest for the
                  | Orb.
     0 | D:1      | Reached XP level 1. HP: 13/13 MP: 3/3
   344 | D:1      | Found a faded altar of an unknown god.
   347 | D:1      | Gained mutation: You have a pair of small horns on your
                  | head. [demonic ancestry]
   347 | D:1      | Reached XP level 2. HP: 19/19 MP: 5/5
  1018 | D:2      | Reached skill level 1 in Short Blades
  1037 | D:2      | Gained mutation: You regenerate magic rapidly. [demonic
                  | ancestry]
  1037 | D:2      | Reached XP level 3. HP: 8/24 MP: 6/6
  1548 | D:2      | Noticed Sigmund
  1568 | D:3      | Noticed a black bear
  1573 | D:3      | Noticed Natasha
  1585 | D:3      | Found Uzaeb's General Store.
  1791 | D:2      | Noticed Terence
  1987 | D:3      | Gained mutation: You are clumsy. (Dex -2) [potion of
                  | mutation]
  1997 | D:3      | Slain by Natasha

Illustrated notes

Levels and vault maps discovered:
D:1:      roderic_crossed_star, layout_basic,
          shapermc_ecumenical_altar_acropolis, serial_glass, glass_columns_a,
          glass_columns_b
D:2:      cheibrodos_helix_gallery, layout_rooms, uniq_sigmund, uniq_terence
D:3:      layout_basic, grunt_temple_overflow_bloody_war, serial_shops, shop,
          nicolae_shop_waterfront, nicolae_shop_bloodbath_and_beyond,
          nicolae_shop_temple_entry_statues_fountains,
          nicolae_shop_temple_entry_statues_fountains, uniq_natasha

Skill      XL: |  1  2 |
---------------+-------+-----
Stealth        | 3 |  3.3
Dodging        | 2 |  2.1
Short Blades   | 1 |  1.3
Spellcasting   | |  2.3
Hexes          | |  3.5

Action                   || total
-------------------------++-------
Melee: Dagger            ||    92
       Headbutt          ||     8
       Punch             ||     1
Throw: Javelin           ||     6
  Use: Potion            ||     6
       Scroll            ||     5
 Stab: Sleeping          ||     7
       Invisible         ||     2
Armor: Robe              ||    20
Dodge: Dodged            ||    47
